Map: Winter Madness LE

Players

DRG - Winner!

  • Race: Zerg Zerg

MMA

  • Race: Terran Terran

VOD

Have the link to the VOD?

Description

Time

  • Played on: Jan. 17, 2026, 9:35 p.m.
  • Length: 9:47
Show
View Real Time Build Order
Export as new Build Order

DRG Zerg - Winner!

Build Orders: Hatch First 

Get SALT Encoding   

  12  0:00  Drone  
  13  0:07  Drone  
  14  0:14  Extractor, Drone  
  15  0:21  Overlord  
  15  0:39  Drone  
  16  0:45  Hatchery  
  16  0:49  Drone  
  16  0:52  Drone  
  16  0:56  Drone  
  18  1:06  Extractor  
  18  1:10  Spawning Pool  
  16  1:14  Drone  
  16  1:18  Drone  
  18  1:26  Drone  
  19  1:37  Drone  
  20  1:48  Drone  
  21  1:57  Queen x2  
  21  1:58  Zergling x4  
  27  2:09  Overlord, Drone  
  27  2:11  Metabolic Boost  
  28  2:32  Hatchery  
  28  2:33  Drone  
  28  2:34  Drone  
  29  2:41  Queen  
  31  2:46  Overlord  
  31  2:48  Drone  
  31  2:50  Drone  
  33  2:52  Drone  
  33  2:54  Drone  
  33  2:57  Drone  
  36  3:02  Overlord  
  36  3:07  Drone x2  
  36  3:08  Drone  
  39  3:13  Drone x2  
  39  3:14  Drone  
  39  3:16  Drone  
  39  3:19  Drone  
  44  3:24  Queen  
  46  3:28  Drone  
  46  3:29  Drone  
  46  3:33  Queen  
  50  3:37  Overlord  
  50  3:44  Drone x4  
  54  3:49  Queen  
  54  3:52  Overlord  
  54  3:55  Drone  
  57  3:57  Drone x2  
  57  4:00  Drone  
  60  4:04  Overlord  
  60  4:12  Roach Warren  
  60  4:13  Spine Crawler  
  60  4:16  Overlord  
  58  4:20  Queen  
  60  4:25  Queen  
  60  4:27  Queen  
  60  4:30  Zergling x4  
  65  4:34  Zergling x8  
  69  4:38  Zergling x6  
  69  4:40  Zergling x2  
  69  4:43  Zergling x4  
  75  4:45  Zergling x2  
  75  4:46  Zergling x2  
  77  4:58  Zergling x14  
  75  5:05  Roach x3  
  69  5:13  Roach x3  
  65  5:20  Roach x3  
  61  5:32  Zergling x6  
  64  5:37  Queen  
  59  5:43  Zergling x6  
  59  5:49  Zergling x6  
  59  5:59  Queen  
  59  6:03  Roach Warren  
  62  6:12  Drone x3  
  62  6:15  Extractor  
  62  6:22  Overlord x2  
  62  6:35  Overlord x2  
  62  6:43  Roach x9  
  62  6:46  Overlord  
  80  6:50  Roach x2  
  83  6:56  Roach x2  
  86  7:05  Zergling x10  
  85  7:10  Extractor  
  85  7:11  Zergling x10  
  89  7:16  Drone x2  
  89  7:17  Drone  
  89  7:22  Drone x3  
  95  7:23  Zergling x2  
  95  7:32  Zergling x4  
  88  7:40  Zergling x8  
  88  7:42  Ravager x3  
  91  7:49  Overlord  
  91  7:50  Zergling x10  
  96  7:51  Ravager  
  96  7:57  Zergling x2  
  96  7:58  Zergling x4  
  100  8:04  Zergling x2  
  101  8:06  Ravager  
  101  8:08  Zergling x2  
  101  8:09  Zergling x2  
  104  8:12  Ravager  
  104  8:14  Zergling x2  
  104  8:18  Zergling x14  
  112  8:24  Zergling x8, Ravager  
  104  8:42  Zergling x10  
  104  8:47  Ravager  
  98  8:51  Ravager x2  
  98  8:52  Zergling x2  
  98  8:53  Zergling x14  
  105  8:59  Zergling x2, Ravager  
  105  9:03  Zergling x4  
  106  9:22  Zergling x10  
  91  9:30  Zergling x18  
Show
View Real Time Build Order
Export as new Build Order

MMA Terran 

Build Orders: Reaper Expand 

Get SALT Encoding   

  12  0:00  SCV  
  13  0:12  SCV  
  14  0:17  Supply Depot  
  14  0:24  SCV  
  15  0:38  SCV  
  15  0:40  Barracks  
  16  0:44  Refinery  
  16  0:50  SCV  
  17  1:02  SCV  
  18  1:15  SCV  
  19  1:27  Orbital Command  
  19  1:28  Reaper  
  20  1:37  Command Center  
  20  1:48  Barracks  
  20  1:53  SCV  
  21  2:00  Barracks Reactor  
  21  2:05  SCV  
  22  2:10  Supply Depot  
  22  2:13  Barracks  
  22  2:17  SCV  
  23  2:30  SCV  
  23  2:35  Barracks  
  24  2:37  Barracks Tech Lab, Marine x2  
  24  2:42  SCV  
  26  2:52  Orbital Command  
  26  2:55  Marine x2  
  26  2:56  Marine  
  29  2:59  Stimpack  
  29  3:02  Barracks Tech Lab  
  29  3:09  SCV  
  30  3:13  Marine x2  
  30  3:14  Marine  
  34  3:20  Combat Shield  
  34  3:23  Marine  
  34  3:25  Marine  
  35  3:28  Supply Depot  
  35  3:31  Marine x2  
  38  3:34  Marine  
  38  3:36  SCV  
  38  3:37  SCV  
  40  3:41  Marine  
  41  3:48  Marine  
  41  3:49  Marine  
  41  3:50  Marine, Supply Depot  
  41  3:52  Marine  
  41  3:53  SCV  
  41  3:54  SCV  
  47  3:59  Supply Depot  
  47  4:02  Marine  
  48  4:06  Marine x2  
  48  4:08  Marine  
  51  4:10  Marine  
  51  4:15  SCV x2  
  54  4:20  Marine  
  55  4:24  Marine x2  
  55  4:26  Marine  
  55  4:28  Marine  
  59  4:37  SCV x2, Marine  
  62  4:42  Marine x2  
  62  4:43  Marine  
  65  4:45  Marine  
  66  4:55  Marine  
  61  5:00  Marine x2  
  61  5:09  Marine x2  
  61  5:13  SCV x2  
  57  5:18  Command Center  
  54  5:25  Marine x2, SCV x2, Marauder  
  54  5:27  Marauder  
  56  5:38  Marine  
  52  5:43  Marine, SCV x2  
  52  5:46  Marauder  
  52  5:49  Engineering Bay x2, Marauder  
  49  5:53  Concussive Shells  
  49  5:55  SCV x2  
  48  5:59  Marine, Barracks Reactor  
  48  6:00  Marine  
  50  6:07  SCV  
  50  6:08  Marauder  
  50  6:10  Marauder  
  55  6:14  SCV  
  55  6:15  Terran Infantry Weapons Level 1, Terran Infantry Armor Level 1  
  56  6:19  SCV  
  56  6:21  Marine x2  
  59  6:26  Refinery  
  59  6:28  SCV  
  59  6:30  Marine  
  59  6:31  Marine, SCV  
  59  6:32  Orbital Command  
  63  6:36  Marine x2  
  63  6:39  Marine x2  
  67  6:41  Factory  
  67  6:43  Refinery  
  67  6:45  SCV x2  
  69  6:49  Marine  
  69  6:50  Marine  
  69  6:54  Marine x2  
  71  6:57  Marine x2, SCV x2  
  71  7:10  Orbital Command  
  71  7:17  Marine x4, Marauder x2  
  71  7:19  SCV x2  
  71  7:21  Refinery  
  80  7:31  SCV x2  
  80  7:35  Marine x3  
  83  7:38  Marauder  
  83  7:43  SCV, Supply Depot  
  85  7:46  Starport, Supply Depot  
  85  7:47  Factory Reactor, SCV  
  85  7:48  Marauder  
  85  7:49  SCV  
  89  7:56  Armory, Marine x2  
  89  7:57  Marine  
  92  8:00  Marine  
  92  8:05  SCV x3  
  96  8:10  Supply Depot  
  96  8:17  SCV x3  
  99  8:29  SCV x2  
  99  8:30  Marine  
  99  8:31  Marine  
  99  8:33  SCV  
  103  8:35  Medivac x2  
  103  8:37  Marauder  
  103  8:39  Marauder, Marine  
  98  8:41  SCV  
  98  8:43  SCV  
  98  8:45  SCV  
  98  8:47  Orbital Command  
  85  8:53  SCV  
  80  8:57  Marine x2  
  80  8:59  Marauder  
  80  9:00  Marauder  
  82  9:05  Medivac x2  
  82  9:06  Marine x2  
  88  9:15  Marine x2  
Tags
 
Add a new tag
Caveats
  • Supply blocks, unpowered buildings, or Contaminate may cause inaccurate times.
  • Supply counts are checked every 10 seconds.